 Dungeon Crawl Stone Soup version 0.22.0 (webtiles) character file.

67578 Gorglomux the Nimble (level 14, -43/88 HPs)
             Began as a Deep Elf Conjurer on Aug 11, 2018.
             Was a High Priest of Vehumet.
             Killed from afar by an ogre mage (72 damage)
             ... with a crystal spear
             ... on level 13 of the Dungeon.
             The game lasted 00:45:53 (25065 turns).

Gorglomux the Nimble (Deep Elf Conjurer)           Turns: 25065, Time: 00:45:53

Health: -43/88     AC:  7    Str:  9    XL:     14   Next: 83%
Magic:  15/41      EV: 22    Int: 26    God:    Vehumet [*****.]
Gold:   1109       SH:  5    Dex: 15    Spells: 3/37 levels left

rFire    + + .     SeeInvis +   V - +7 trident of Wuigatae {flame, MP+9 Str+4}
rCold    . . .     Gourm    .   z - +0 buckler
rNeg     . . .     Faith    .   J - +1 robe of a bailey {rF++ SInv}
rPois    .         Spirit   .   P - +0 hat {MR+}
rElec    .         Reflect  .   X - +0 cloak
rCorr    +         Harm     .   U - +2 pair of gloves
MR       +++..                  (no boots)
Stlth    +++.......             r - amulet of regeneration
HPRegen  0.64/turn              m - ring of protection from magic
MPRegen  0.27/turn              g - ring of resist corrosion

@: no status effects
A: no striking features
a: Renounce Religion


You were on level 13 of the Dungeon.
You worshipped Vehumet.
Vehumet was extremely pleased with you.
You were not hungry.

You visited 3 branches of the dungeon, and saw 20 of its levels.
You also visited: Sewer.

You collected 1374 gold pieces.
You spent 265 gold pieces at shops.

Inventory:

Hand Weapons
 V - the +7 trident of Wuigatae (weapon) {flame, MP+9 Str+4}
   (You found it on level 5 of the Dungeon)

   It has been specially enchanted to burn those struck by it, causing extra
   injury to most foes and up to half again as much damage against particularly
   susceptible opponents.
   It affects your strength (+4).
   It affects your magic capacity (+9).
Missiles
 Z - 5 throwing nets (quivered)
Armour
 z - a +0 buckler (worn)
 J - the +1 robe of a bailey (worn) {rF++ SInv}
   (You found it on level 5 of the Lair of Beasts)

   It greatly protects you from fire.
   It lets you see invisible.
 P - a +0 hat of magic resistance (worn)
 U - a +2 pair of gloves (worn)
 X - a +0 cloak (worn)
Magical Staves
 d - an uncursed staff of wizardry
 y - an uncursed staff of earth
Jewellery
 g - a ring of resist corrosion (right hand)
 m - a ring of protection from magic (left hand)
 r - an amulet of regeneration (around neck)
 F - a +3 amulet of reflection
 H - a cursed ring of attention {unknown}
Wands
 A - a wand of acid (13)
 D - a wand of digging (7)
 I - a wand of iceblast (13)
 O - a wand of clouds (2)
Scrolls
 e - 9 scrolls of teleportation
 i - 2 scrolls of fear
 k - 13 scrolls of remove curse
 v - 5 scrolls of immolation
 E - 3 scrolls of magic mapping
 K - 2 scrolls of summoning
 L - a scroll of holy word
 N - a scroll of brand weapon
 R - 15 scrolls of identify
 S - 4 scrolls of blinking
 T - 7 scrolls of enchant armour
 W - 6 scrolls of amnesia
Potions
 f - 4 potions of cancellation
 h - 5 potions of degeneration
 j - 5 potions of haste
 o - 3 potions of brilliance
 q - 6 potions of flight
 s - a potion of invisibility
 t - 2 potions of lignification
 u - 3 potions of mutation {!q}
 x - a potion of resistance
 B - 8 potions of heal wounds
 C - 3 potions of agility
 G - 2 potions of berserk rage
 M - a potion of might
 Q - 11 potions of curing
 Y - 2 potions of ambrosia
Comestibles
 c - 44 rations
 w - 2 chunks of flesh


   Skills:
 - Level 10.6 Fighting
 - Level 13.9 Dodging
 - Level 5.0 Stealth
 - Level 4.0 Shields
 + Level 12.4 Spellcasting
 + Level 11.2 Conjurations
 - Level 5.0 Hexes
 - Level 4.0 Summonings
 - Level 9.3 Translocations
 + Level 8.5 Fire Magic
 - Level 5.8 Ice Magic
 - Level 4.0 Air Magic


You had 3 spell levels left.
You knew the following spells:

 Your Spells              Type           Power        Failure   Level  Hunger
a - Magic Dart            Conj           ####         1%          1    None
b - Searing Ray           Conj           ######       1%          2    None
c - Iskenderun's Mystic   Conj           ######..     1%          4    None
d - Fulminant Prism       Conj/Hex       ######....   1%          4    None
e - Blink                 Tloc           N/A          1%          2    None
f - Fireball              Conj/Fire      ######....   1%          5    ###....
g - Freezing Cloud        Conj/Ice/Air   ######....   9%          6    #####..
j - Conjure Flame         Conj/Fire      ######..     1%          3    None
l - Summon Lightning Spi  Summ/Air       #####...     7%          4    None
q - Dazzling Spray        Conj/Hex       ######       1%          3    None

Your spell library contained the following spells:

 Spells                   Type           Power        Failure   Level  Hunger
 Bolt of Fire             Conj/Fire      ######....   2%          6    #####..
 Lightning Bolt           Conj/Air       ######....   1%          5    ###....
 Slow                     Hex            #####...     1%          2    None
 Confuse                  Hex            #####...     1%          3    None
 Mephitic Cloud           Conj/Pois/Air  #####...     1%          3    None
 Ring of Flames           Chrm/Fire      #####.....   99%         7    ######.
 Summon Small Mammal      Summ           ####         1%          1    None
 Summon Ice Beast         Ice/Summ       #####...     4%          4    None
 Call Imp                 Summ           #####...     1%          2    None
 Tukima's Dance           Hex            #####...     1%          3    None
 Shock                    Conj/Air       ####         1%          1    None
 Swiftness                Chrm/Air       ####....     2%          2    None
 Spider Form              Tmut/Pois      ###.......   11%         3    None
 Blade Hands              Tmut           ###.......   69%         5    ###....
 Ice Form                 Ice/Tmut       ####....     11%         4    None
 Airstrike                Air            #####.....   1%          4    None
 Ignite Poison            Fire/Tmut/Pois ####....     1%          3    None
 Sticks to Snakes         Tmut           ###.....     5%          2    None
 Call Canine Familiar     Summ           #####...     1%          3    None
 Ensorcelled Hibernation  Hex/Ice        #####.       1%          2    None
 Static Discharge         Conj/Air       ######..     1%          3    None
 Corona                   Hex            #####..      1%          1    None
 Beastly Appendage        Tmut           ###...       3%          1    None
 Force Lance              Conj/Tloc      ######..     1%          4    None
 Summon Guardian Golem    Hex/Summ       #####...     1%          3    None
 Ignition                 Fire           ######....   83%         8    #######


Dungeon Overview and Level Annotations

Branches:
Dungeon (13/15)            Temple (1/1) D:4            Lair (6/6) D:8
 Shoals (0/4) Lair:4       Spider (0/4) Lair:4        Slime (0/5) Lair:5
    Orc (0/2) D:10
 Vaults: D:13-14

Altars:
Ashenzari
Cheibriados
Dithmenos
Elyvilon
Fedhas
Gozag
Hepliaklqana
Kikubaaqudgha
Makhleb
Nemelex Xobeh
Okawaru
Qazlal
Ru
Sif Muna
Trog
Uskayaw
Vehumet
Wu Jian
Xom
Yredelemnul
Zin
The Shining One

Shops:
D:4 (   D:5 (   D:6 ?   D:8 (

Portals:
Trove: D:10 (give +3 storm dragon scales)

Annotations:
D:11 3 runed doors, mopl's ghost, journeyman TrMo


Message History

Aiming: Iskenderun's Mystic Blast (safe; 1% risk of failure)
Press: ? - help, Shift-Dir - straight line, f - ogre mage
Aim: an ogre butt, wielding a butt and wearing a robe (moderately wounded)
The orb of energy hits the ogre mage!
The ogre mage is heavily wounded!
The orb of energy explodes!!!
The ogre mage hits you with a spear!!!
Unknown command!
Unknown command!
Casting: Butt's Mystic Blast (safe; 1% risk of failure)
Confirm with ! or Butt, or press ? or * to list all spells!
Aiming: Iskenderun's Mystic Blast (safe; 1% risk of failure)
Press: ? - help, Shift-Dir - straight line, f/butt - ogre mage
Aim: an ogre mage, wielding a spear and wearing a butt (heavily wounded)
The orb of energy hits the ogre mage!
The ogre mage is severely butt!
The orb of butt explodes!!!
The ogre mage points at you and butts some strange words!
The crystal spear hits you!!!
DANG rip

########......#.+......
#####.####...... ###.#
#..>... #...# #######
#######'###
###(....(...#
#.'.....(...#
.#...O.....#
#..@......# #.........#
#<........# #...§§....#
#...§§§...# #...§§§...#
#.....>...# #......<..#


You could see an ogre mage.

Vanquished Creatures
  Gastronok (D:9)
  Nessos (D:13)
  Snorg (Lair:6)
  Josephine (Lair:5)
  4 hydras
  2 catoblepae (Lair:6)
  2 centaur warriors
  A death knight (D:12)
  3 two-headed ogres (D:10)
  18 death yaks
  Urug (Lair:1)
  Pikel (D:8)
  A lindwurm (Lair:4)
  3 cyclopes
  3 manticores
  A deep elf mage (D:12)
  2 ugly things (D:12)
  An oklob plant (Lair:4)
  3 centaur zombies
  2 black mambas
  Joseph (D:8)
  2 elephants (Lair:5)
  6 spiny frogs
  9 komodo dragons
  A kobold demonologist (D:10)
  A torpor snail (Lair:5)
  A rime drake (Lair:5)
  4 freezing wraiths (D:12)
  2 jumping spiders (Lair:4)
  A harpy zombie (D:13)
  5 polar bears (Lair:5)
  A queen bee (Lair:2)
  2 trolls
  A hornet (D:11)
  15 blink frogs
  4 slime creatures (D:11)
  10 hippogriffs
  3 dream sheep (Lair:6)
  A shadow (D:13)
  6 wraiths
  2 wyverns
  2 vampires
  29 yaks
  A basilisk (Lair:4)
  Grum (D:8)
  2 steam dragons
  4 vampire mosquitoes
  A soldier ant (D:10)
  8 swamp worms (Lair:1)
  12 water moccasins
  5 porcupines (Lair:4)
  2 black bears
  3 sky beasts
  4 slaves (D:8)
  4 ice beasts
  An orc warrior (D:10)
  2 phantoms
  An eye of draining (D:10)
  7 ogres
  9 centaurs
  2 wolves (D:8)
  6 crocodiles
  3 big kobolds
  11 bullfrogs
  A gnoll sergeant (D:9)
  A scorpion (D:4)
  35 killer bees
  9 wights (D:12)
  4 howler monkeys
  3 electric eels
  9 crimson imps
  2 bullfrog zombies
  5 orc priests
  7 hounds
  17 jellies
  11 orc wizards
  2 bullfrog skeletons
  5 centaur skeletons
  An iguana (D:4)
  5 worker ants
  A hound skeleton (D:6)
  12 adders
  5 gnolls (D:9)
  3 shadow imps
  9 oozes (Sewer)
  2 adder skeletons (D:8)
  6 worms
  2 dart slugs
  9 leopard geckos
  48 orcs
  9 bats
  11 giant cockroaches
  3 goblins (D:1)
  5 hobgoblins
  22 jackals
  19 kobolds
  6 quokkas
  13 ball pythons
  16 frilled lizards
  3 leopard gecko skeletons
  6 rats
  A bush (Lair:6)
  A fulminant prism (D:8)
  11 fungi
  10 plants
600 creatures vanquished.

Vanquished Creatures (collateral kills)
  2 hydras
  A catoblepas (Lair:6)
  A centaur warrior (D:13)
  2 death yaks (Lair:6)
  A manticore (Lair:6)
  A dream sheep (Lair:6)
  2 blink frogs (Lair:6)
  A yak (Lair:6)
  A centaur (D:13)
12 creatures vanquished.

Vanquished Creatures (others)
  A cyclops (D:11)
  A bush (Lair:6)
  133 fulminant prisms
  18 fungi
  29 plants
182 creatures vanquished.

Grand Total: 794 creatures vanquished

Notes
Turn   | Place    | Note
-------+----------+-------------------------------------------
     0 | D:1      | Gorglomux the Deep Elf Conjurer began the quest for the Orb.
     0 | D:1      | Reached XP level 1. HP: 10/10 MP: 6/6
   152 | D:1      | Reached XP level 2. HP: 15/15 MP: 2/8
   884 | D:2      | Reached XP level 3. HP: 13/19 MP: 4/10
   888 | D:2      | Learned a level 2 spell: Searing Ray
   892 | D:2      | Learned a level 3 spell: Dazzling Spray
  1495 | D:2      | Found a shimmering altar of Xom.
  1548 | D:2      | Reached XP level 4. HP: 24/24 MP: 9/12
  2385 | D:3      | Reached XP level 5. HP: 28/28 MP: 6/14
  2459 | D:3      | Learned a level 4 spell: Iskenderun's Mystic Blast
  2704 | D:3      | Reached skill level 6 in Conjurations
  2891 | D:3      | Found a basalt altar of Yredelemnul.
  2913 | D:3      | Found a deep blue altar of Sif Muna.
  2925 | D:3      | Reached skill level 6 in Spellcasting
  3163 | D:4      | Reached XP level 6. HP: 32/32 MP: 6/17
  3233 | D:4      | Learned a level 4 spell: Fulminant Prism
  3362 | D:4      | Noticed a steam dragon
  3372 | D:4      | Killed a steam dragon
  3372 | D:4      | Reached skill level 1 in Shields
  3610 | D:4      | Learned a level 2 spell: Blink
  3627 | D:4      | Found a staircase to the Ecumenical Temple.
  3640 | Temple   | Entered the Ecumenical Temple
  4088 | D:4      | Reached XP level 7. HP: 34/36 MP: 5/19
  4318 | D:4      | Found Elyten's Weapon Shop.
  4640 | D:5      | Entered Level 5 of the Dungeon
  4923 | D:5      | Found a basalt altar of Yredelemnul.
  5084 | D:5      | Found a radiant altar of Vehumet.
  5213 | D:5      | Found Vogoez's Weapon Shoppe.
  5339 | D:5      | Got a smoking trident
  5340 | D:5      | Identified the +7 trident of Wuigatae {flame, MP+9 Str+4} (You found it on level 5 of the Dungeon)
  5441 | D:5      | Reached skill level 3 in Shields
  5970 | D:6      | Found a glowing drain.
  5993 | D:5      | Found a hide-covered altar of Uskayaw.
  6002 | D:5      | Became a worshipper of Vehumet
  6027 | Sewer    | Entered a sewer
  6095 | Sewer    | Reached XP level 8. HP: 41/41 MP: 22/22
  6205 | Sewer    | Reached * piety under Vehumet
  6205 | Sewer    | Offered knowledge of Sting by Vehumet.
  6725 | D:6      | Learned a level 3 spell: Conjure Flame
  6955 | D:6      | Reached skill level 9 in Spellcasting
  6997 | D:6      | Offered knowledge of Sandblast by Vehumet.
  7016 | D:6      | Reached ** piety under Vehumet
  7048 | D:6      | Found Heeten's Magic Scroll Boutique.
  7061 | D:6      | Bought a scroll of teleportation for 30 gold pieces
  7061 | D:6      | Bought a scroll of magic mapping for 35 gold pieces
  7061 | D:6      | Bought a scroll of enchant armour for 75 gold pieces
  7061 | D:6      | Bought a scroll of identify for 20 gold pieces
  7061 | D:6      | Bought a scroll of blinking for 75 gold pieces
  7061 | D:6      | Bought a scroll of teleportation for 30 gold pieces
  7647 | D:7      | Found a shattered altar of Ashenzari.
  7648 | D:7      | Noticed a hippogriff
  7664 | D:7      | Killed a hippogriff
  7664 | D:7      | Reached skill level 9 in Conjurations
  7838 | D:7      | Found a shadowy altar of Dithmenos.
  8013 | D:7      | Reached XP level 9. HP: 45/45 MP: 25/25
  8173 | D:8      | Reached skill level 1 in Hexes
  8198 | D:8      | Reached skill level 1 in Fighting
  8204 | D:8      | Noticed Pikel
  8236 | D:8      | Killed Pikel
  8236 | D:8      | Reached skill level 3 in Hexes
  8403 | D:8      | Noticed Joseph
  8406 | D:8      | Noticed Grum
  8482 | D:8      | Killed Joseph
  8510 | D:8      | Offered knowledge of Ignite Poison by Vehumet.
  8620 | D:8      | Killed Grum
  8656 | D:8      | Reached skill level 3 in Fighting
  8914 | D:8      | Found a staircase to the Lair.
  9008 | D:8      | Reached skill level 1 in Translocations
  9047 | D:8      | Reached skill level 3 in Dodging
  9047 | D:8      | Reached XP level 10. HP: 50/56 MP: 24/27
  9150 | D:8      | Found a shimmering altar of Xom.
  9175 | D:8      | Found Ratad's Antique Weapon Boutique.
  9254 | D:8      | Reached *** piety under Vehumet
  9854 | D:9      | Noticed Gastronok
  9874 | D:9      | Reached skill level 4 in Dodging
  9875 | D:9      | Reached skill level 3 in Translocations
  9895 | D:9      | Killed Gastronok
  9895 | D:9      | Reached skill level 6 in Dodging
  9907 | D:9      | Offered knowledge of Throw Icicle by Vehumet.
 10209 | D:10     | Entered Level 10 of the Dungeon
 10440 | D:10     | Noticed a two-headed ogre
 10460 | D:10     | Killed a two-headed ogre
 10460 | D:10     | Reached skill level 7 in Dodging
 10460 | D:10     | Reached skill level 6 in Translocations
 10460 | D:10     | Reached XP level 11. HP: 64/64 MP: 6/28
 10589 | D:10     | Noticed a two-headed ogre
 10598 | D:10     | Killed a two-headed ogre
 10622 | D:10     | Reached skill level 6 in Fighting
 10748 | D:10     | Reached skill level 8 in Dodging
 11118 | D:10     | Noticed a two-headed ogre
 11123 | D:10     | Killed a two-headed ogre
 11537 | D:10     | Reached **** piety under Vehumet
 11562 | D:10     | Offered knowledge of Lee's Rapid Deconstruction by Vehumet.
 11652 | D:10     | Found a staircase to the Orcish Mines.
 11893 | D:10     | Found a portal to a secret trove of treasure.
 12096 | D:11     | Found a runed gate.
 12096 | D:11     | Found a runed gate.
 12096 | D:11     | Found a runed gate.
 12099 | D:11     | Reached skill level 9 in Dodging
 12227 | D:11     | Noticed a centaur warrior
 12227 | D:11     | Noticed mopl's ghost (journeyman TrMo)
 12608 | D:11     | Reached ***** piety under Vehumet
 12608 | D:11     | Offered knowledge of Fireball by Vehumet.
 12701 | D:11     | Learned a level 5 spell: Fireball
 12936 | D:11     | Reached XP level 12. HP: 43/72 MP: 6/29
 13228 | Lair:1   | Entered Level 1 of the Lair of Beasts
 13332 | Lair:1   | Reached skill level 10 in Dodging
 13407 | Lair:1   | Reached skill level 9 in Translocations
 13975 | Lair:1   | Reached skill level 1 in Fire Magic
 14633 | Lair:1   | Noticed Urug
 14638 | Lair:1   | Killed Urug
 14941 | Lair:2   | Noticed a five-headed hydra
 14948 | Lair:2   | Killed a five-headed hydra
 14948 | Lair:2   | Reached skill level 11 in Dodging
 14948 | Lair:2   | Reached skill level 3 in Fire Magic
 15065 | Lair:2   | Noticed a seven-headed hydra
 15416 | Lair:2   | Killed a seven-headed hydra
 15416 | Lair:2   | Reached skill level 3 in Stealth
 15452 | Lair:2   | Noticed a death yak
 15452 | Lair:2   | Noticed a death yak
 15452 | Lair:2   | Noticed a death yak
 15473 | Lair:2   | Noticed a death yak
 15484 | Lair:2   | Killed a death yak
 15484 | Lair:2   | Killed a death yak
 15486 | Lair:2   | Noticed a death yak
 15488 | Lair:2   | Noticed a death yak
 15493 | Lair:2   | Killed a death yak
 15497 | Lair:2   | Killed a death yak
 15515 | Lair:2   | Killed a death yak
 15515 | Lair:2   | Reached skill level 9 in Fighting
 15522 | Lair:2   | Killed a death yak
 15522 | Lair:2   | Reached XP level 13. HP: 52/80 MP: 11/30
 16376 | Lair:3   | Reached skill level 12 in Dodging
 17026 | Lair:3   | Offered knowledge of Freezing Cloud by Vehumet.
 17026 | Lair:3   | Reached skill level 6 in Fire Magic
 17755 | Lair:4   | Found a hole to the Spider Nest.
 17770 | Lair:4   | Learned a level 6 spell: Freezing Cloud
 17979 | Lair:4   | Found a staircase to the Shoals.
 18084 | Lair:4   | Reached skill level 1 in Ice Magic
 18085 | Lair:4   | Reached skill level 1 in Air Magic
 18397 | Lair:4   | Found a shadowy altar of Dithmenos.
 18821 | Lair:5   | Found a staircase to the Slime Pits.
 18961 | Lair:5   | Noticed Josephine
 18972 | Lair:5   | Killed Josephine
 19387 | Lair:5   | Reached skill level 13 in Dodging
 19637 | Lair:5   | Got a heavy robe
 19648 | Lair:5   | Identified the +1 robe of a bailey {rF++ SInv} (You found it on level 5 of the Lair of Beasts)
 19789 | Lair:5   | Learned a level 4 spell: Summon Lightning Spire
 19996 | Lair:5   | Reached skill level 3 in Ice Magic
 20021 | Lair:5   | Reached skill level 1 in Summonings
 20194 | Lair:5   | Reached skill level 3 in Air Magic
 20570 | Lair:6   | Entered Level 6 of the Lair of Beasts
 20580 | Lair:6   | Noticed Snorg
 20592 | Lair:6   | Killed Snorg
 21039 | Lair:6   | Reached XP level 14. HP: 88/88 MP: 25/31
 21206 | Lair:6   | Reached skill level 3 in Summonings
 23832 | D:12     | Reached skill level 12 in Spellcasting
 24600 | D:13     | Noticed Nessos
 24611 | D:13     | Killed Nessos
 24741 | D:13     | Offered knowledge of Bolt of Cold by Vehumet.
 25065 | D:13     | Killed from afar by an ogre mage

Skill      XL: |  1  2  3  4  5  6  7  8  9 10 11 12 13 14 |
---------------+-------------------------------------------+-----
Spellcasting   | 4 5 6 7 8 10 11 12 | 12.4
Conjurations   | 5 6 7 9 10 11 | 11.2
Shields        | 1 3 4 |  4.0
Hexes          | 5 |  5.0
Fighting       | 3 5 7 9 10 | 10.6
Translocations | 1 6 8 9 |  9.3
Dodging        | 3 7 9 11 13 | 13.9
Fire Magic     | 5 6 8 |  8.5
Stealth        | 4 5 |  5.0
Ice Magic      | 4 5 |  5.8
Air Magic      | 3 4 |  4.0
Summonings     | 2 4 |  4.0

Action                   |  1- 3 |  4- 6 |  7- 9 | 10-12 | 13-15 || total
-------------------------+-------+-------+-------+-------+-------++-------
Melee: Unarmed           |     1 |     6 |       |       |       ||     7
       Staff             |       |    47 |     3 |       |       ||    50
       Trident           |       |       |    25 |    62 |   144 ||   231
 Cast: Magic Dart        |    77 |   103 |   218 |    18 |       ||   416
       Searing Ray       |       |    11 |    18 |    13 |     2 ||    44
       Dazzling Spray    |       |     5 |     5 |     3 |     5 ||    18
       Fulminant Prism   |       |     2 |    24 |    67 |    41 ||   134
       Iskenderun's Myst |       |       |    48 |   201 |   262 ||   511
       Blink             |       |       |     4 |     9 |     4 ||    17
       Conjure Flame     |       |       |     2 |     3 |    10 ||    15
       Fireball          |       |       |       |    15 |    21 ||    36
       Freezing Cloud    |       |       |       |       |    20 ||    20
       Summon Lightning  |       |       |       |       |    18 ||    18
Evoke: Wand              |       |       |       |       |    11 ||    11
  Use: Scroll            |       |       |       |    24 |     3 ||    27
       Potion            |       |       |       |       |     2 ||     2
 Stab: Sleeping          |       |       |     1 |       |       ||     1
       Distracted        |       |       |       |       |     2 ||     2
       Confused          |       |       |       |       |     1 ||     1
  Eat: Chunk             |     2 |     5 |    12 |    12 |    20 ||    51
       Ration            |       |     1 |     1 |     3 |     5 ||    10
Armor: Robe              |     1 |    15 |       |       |    11 ||    27
       Steam dragon scal |       |     9 |    31 |    32 |     6 ||    78
Dodge: Dodged            |     9 |    66 |    62 |   125 |   158 ||   420
Block: Other             |       |     1 |     5 |       |       ||     6
       Buckler           |       |       |    20 |    59 |    65 ||   144
       Reflection        |       |       |     2 |     6 |       ||     8
